Map: Romanticide LE

Players

soul - Winner!

  • Race: Terran Terran
  • League: Master

HeroMarine

  • Race: Terran Terran
  • League: Grandmaster

Event: TSL 7

VOD

Have the link to the VOD?

Description

Time

  • Played on: June 19, 2021, 2:20 p.m.
  • Length: 21:50

All games in this series

Show
View Real Time Build Order
Export as new Build Order

soul Terran - Winner!

Build Orders:  

Get SALT Encoding   

  12  0:00  SCV  
  13  0:12  SCV  
  14  0:17  Supply Depot  
  14  0:24  SCV  
  15  0:39  SCV, Barracks  
  16  0:44  Refinery  
  16  0:51  SCV  
  16  0:52  Refinery  
  17  1:03  SCV  
  18  1:15  SCV  
  19  1:26  Reaper  
  19  1:27  Orbital Command  
  19  1:29  Supply Depot  
  20  1:42  Factory  
  20  1:53  SCV  
  21  1:58  Reaper  
  22  2:05  SCV  
  23  2:17  SCV  
  23  2:22  Command Center  
  24  2:27  Hellion  
  24  2:29  SCV  
  27  2:32  Barracks Reactor  
  27  2:41  Supply Depot  
  27  2:42  SCV  
  28  2:49  Hellion  
  30  2:54  SCV  
  31  3:01  Starport  
  31  3:06  SCV  
  31  3:09  Marine x2  
  31  3:10  Factory Tech Lab  
  34  3:18  SCV  
  35  3:27  Marine x2  
  35  3:28  Refinery  
  35  3:30  SCV  
  35  3:33  Cyclone  
  39  3:39  Orbital Command  
  38  3:43  SCV  
  38  3:44  Marine  
  38  3:45  Marine  
  37  3:52  Starport Tech Lab  
  37  3:55  SCV  
  37  4:02  Marine  
  38  4:06  SCV  
  38  4:08  SCV, Siege Tank  
  44  4:11  Raven  
  44  4:13  Marine  
  47  4:18  SCV  
  47  4:20  Marine  
  47  4:22  Supply Depot  
  47  4:23  SCV, Supply Depot  
  50  4:30  SCV  
  51  4:35  SCV, Marine  
  53  4:42  Command Center  
  53  4:45  SCV  
  54  4:47  SCV  
  55  4:54  Raven  
  55  4:55  Marine x2  
  55  4:57  SCV  
  55  4:59  SCV  
  61  5:00  Siege Tank  
  61  5:04  Supply Depot  
  64  5:07  Supply Depot  
  64  5:09  SCV  
  64  5:11  SCV  
  66  5:14  Refinery  
  66  5:16  Marine  
  66  5:17  Marine  
  68  5:21  SCV  
  68  5:23  SCV  
  70  5:33  SCV, Siege Tank  
  74  5:36  SCV, Supply Depot  
  75  5:45  SCV  
  75  5:48  SCV, Viking x2  
  75  5:49  Marine, Stimpack  
  82  5:57  SCV  
  82  6:00  SCV  
  82  6:01  Barracks  
  82  6:03  Barracks  
  84  6:06  Engineering Bay x2  
  84  6:07  Siege Tank  
  84  6:09  SCV  
  87  6:12  SCV  
  87  6:17  Marine  
  89  6:18  Viking  
  89  6:22  SCV  
  89  6:23  Viking  
  89  6:24  SCV  
  95  6:28  Orbital Command  
  94  6:34  Terran Infantry Weapons Level 1  
  94  6:35  Terran Infantry Armor Level 1, Marine  
  95  6:43  Siege Tank  
  95  6:44  SCV x2  
  95  6:46  Sensor Tower  
  100  6:56  SCV x2  
  100  6:57  SCV  
  100  6:58  Barracks Reactor  
  100  6:59  Barracks Reactor  
  103  7:03  Marine, Supply Depot  
  103  7:04  Supply Depot  
  103  7:08  SCV x2  
  106  7:09  SCV  
  106  7:10  Viking  
  109  7:16  Refinery x2  
  109  7:22  Barracks  
  109  7:23  Barracks  
  109  7:24  SCV, Viking, Siege Tank  
  109  7:28  SCV, Missile Turret  
  116  7:31  Combat Shield  
  116  7:34  Supply Depot  
  116  7:35  Supply Depot  
  116  7:36  SCV  
  116  7:37  SCV, Armory  
  117  7:40  SCV  
  117  7:42  Viking  
  120  7:47  Marine x3  
  120  7:48  Marine  
  120  7:49  SCV  
  125  7:55  Marine  
  125  7:56  SCV x2  
  130  8:01  SCV  
  128  8:08  SCV  
  128  8:10  Barracks Reactor x2  
  128  8:12  Command Center  
  131  8:17  Medivac  
  131  8:18  Marine x5, Medivac  
  131  8:19  Siege Tank  
  139  8:21  SCV  
  139  8:23  SCV  
  139  8:26  Terran Vehicle Weapons Level 1, Supply Depot x2  
  141  8:27  Supply Depot  
  141  8:28  SCV  
  141  8:30  Terran Infantry Weapons Level 2  
  142  8:36  Marine x5  
  142  8:37  Supply Depot x2  
  147  8:42  Terran Infantry Armor Level 2  
  147  8:45  Missile Turret  
  147  8:48  Marine x4  
  151  8:54  Marine x5  
  155  9:05  Marine  
  155  9:06  Marine x3  
  159  9:10  Siege Tank  
  159  9:11  Marine x2  
  159  9:12  Marine x3  
  167  9:17  Medivac  
  167  9:23  Marine x4  
  170  9:29  Marine x5  
  170  9:41  Marine x4  
  170  9:42  Siege Tank  
  176  9:47  Marine x5  
  178  9:59  Marine x4  
  182  10:00  SCV x2  
  182  10:01  Starport x2, SCV, Factory  
  182  10:05  Marine x5  
  190  10:12  Planetary Fortress  
  190  10:13  SCV  
  191  10:14  Siege Tank  
  191  10:17  Marine x4, Command Center  
  198  10:23  Terran Vehicle And Ship Armor Level 1, Armory, Marine x2, Sensor Tower  
  193  10:38  Marine  
  166  10:44  Marine x8  
  166  10:46  Siege Tank  
  156  10:51  Medivac x2  
  156  10:56  Marine  
  154  10:58  Terran Infantry Weapons Level 3  
  154  11:00  Refinery  
  154  11:01  Refinery  
  154  11:02  Factory Tech Lab, Starport Reactor, Marine x8  
  162  11:04  Starport Reactor  
  162  11:08  Terran Infantry Armor Level 3  
  162  11:10  Fusion Core  
  162  11:12  Terran Ship Weapons Level 1  
  162  11:14  Marine  
  163  11:19  Marine  
  163  11:20  Marine x7, Siege Tank  
  163  11:21  SCV  
  175  11:33  Command Center  
  175  11:36  Siege Tank  
  177  11:45  Viking x3  
  185  11:48  Medivac x2  
  185  11:49  Viking  
  189  11:54  Siege Tank  
  189  11:58  Refinery  
  189  11:59  Refinery  
  192  12:02  Bunker, Missile Turret  
  192  12:05  Planetary Fortress, Missile Turret  
  190  12:15  Viking  
  190  12:16  Viking x2  
  190  12:18  Viking  
  198  12:24  Terran Vehicle And Ship Armor Level 2  
  198  12:34  Command Center  
  198  12:39  Viking  
  200  12:46  Orbital Command  
  200  12:51  Command Center  
  199  12:53  Command Center  
  199  12:56  Viking  
  190  13:21  Marine x5  
  190  13:27  Liberator x3  
  192  13:35  Siege Tank  
  192  13:37  Terran Ship Weapons Level 2  
  192  13:40  Liberator  
  192  13:41  Liberator x2  
  197  13:53  Siege Tank  
  182  13:59  Command Center  
  182  14:01  Marine x9  
  177  14:07  Siege Tank  
  177  14:08  Orbital Command  
  177  14:09  Orbital Command  
  184  14:19  Marine x6  
  184  14:22  Marine x3  
  193  14:25  Siege Tank  
  197  14:36  Marine  
  197  14:37  Marine x4  
  197  14:39  Siege Tank  
  197  14:41  Viking  
  197  14:42  Viking x4  
  197  14:45  SCV x4  
  199  14:53  Sensor Tower  
  199  14:54  Marine  
  200  15:01  Planetary Fortress  
  200  15:11  Siege Tank  
  200  15:13  Viking  
  200  15:14  Orbital Command, Marine  
  194  15:16  Starport, Marine  
  194  15:17  Starport, Marine  
  194  15:18  Marine  
  194  15:19  Starport  
  185  15:23  Siege Tank  
  185  15:26  Smart Servos  
  185  15:35  Marine, Command Center  
  186  15:43  Siege Tank  
  186  15:48  Marine x7  
  196  15:55  Marine x2, Siege Tank  
  171  16:01  Viking  
  171  16:02  Starport Tech Lab x3, Viking  
  174  16:06  Marine x4  
  174  16:10  Marine  
  179  16:15  Siege Tank  
  179  16:18  Marine x4  
  186  16:21  Raven  
  186  16:23  Marine  
  186  16:24  Marine  
  188  16:26  Raven x2  
  188  16:27  Siege Tank  
  195  16:34  Advanced Ballistics  
  195  16:36  Marine x2  
  197  16:40  Marine x3  
  197  16:46  Marine x2  
  200  16:47  Marine  
  200  16:51  Marine  
  200  16:53  Corvid Reactor  
  200  16:54  Marine  
  184  17:04  Raven  
  184  17:05  Terran Ship Weapons Level 3  
  186  17:09  Raven x2  
  190  17:19  Command Center  
  185  17:24  Marine x3  
  185  17:25  Marine, Siege Tank  
  185  17:27  Marine x3  
  185  17:28  Marine  
  185  17:29  Marine  
  137  17:40  Siege Tank  
  137  17:41  Marine  
  137  17:42  Marine x2  
  137  17:43  Marine, Medivac  
  136  17:44  Marine x3, Medivac  
  136  17:45  Medivac x2  
  136  17:47  Raven  
  136  17:48  Planetary Fortress  
  136  17:49  SCV x3  
  150  17:52  Marine x2  
  150  17:55  SCV x2  
  150  17:56  Raven  
  156  18:01  Marine x4  
  156  18:02  Marine x3  
  163  18:06  Medivac  
  163  18:10  Marine x2  
  167  18:15  Sensor Tower  
  167  18:18  Refinery x2  
  167  18:19  Marine x4  
  171  18:24  Marine  
  171  18:25  Marine x2  
  171  18:28  Marine x2, Siege Tank  
  173  18:37  Marine x4  
  148  18:42  Marine, Siege Tank  
  148  18:43  Marine x2  
  148  18:45  Marine x2  
  155  18:54  Marine x2  
  155  18:55  Marine x2  
  157  18:59  Marine  
  157  19:00  Marine x2  
  157  19:02  SCV x6  
  158  19:03  Marine x2  
  158  19:08  Raven  
  162  19:11  Orbital Command  
  162  19:12  Marine x4  
  162  19:14  SCV x2, Siege Tank  
  170  19:17  Marine  
  170  19:18  Marine x2  
  170  19:21  Marine x2  
  163  19:29  Siege Tank  
  163  19:30  Marine x4  
  152  19:35  Marine  
  152  19:36  Marine x2  
  150  19:40  Marine  
  145  19:46  Siege Tank  
  144  19:55  Marine x4  
  144  19:59  Marine x2  
  145  20:06  Marine  
  143  20:21  Raven  
  140  20:25  Planetary Fortress  
  140  20:26  SCV  
  139  20:32  SCV x2  
  140  20:41  Liberator  
  140  20:50  Marine  
  140  20:54  Marine x6  
  138  21:05  SCV x2  
  138  21:06  SCV x6  
  138  21:16  Siege Tank  
  138  21:17  SCV  
  142  21:19  Marine  
  144  21:26  Marine  
  144  21:28  Marine  
Show
View Real Time Build Order
Export as new Build Order

HeroMarine Terran 

Build Orders:  

Get SALT Encoding   

  12  0:00  SCV  
  13  0:12  SCV  
  14  0:17  Supply Depot  
  14  0:24  SCV  
  15  0:38  SCV  
  15  0:40  Barracks  
  16  0:43  Refinery  
  16  0:50  SCV  
  16  0:52  Refinery  
  17  1:03  SCV  
  18  1:15  SCV  
  19  1:27  Reaper, Orbital Command  
  19  1:29  Supply Depot  
  20  1:41  Factory  
  20  1:53  SCV  
  21  1:59  Reaper  
  22  2:05  SCV  
  23  2:17  SCV  
  23  2:22  Command Center  
  24  2:27  Hellion  
  24  2:29  SCV  
  27  2:33  Reaper  
  28  2:40  Supply Depot  
  28  2:41  SCV  
  29  2:49  Hellion  
  31  2:56  Starport  
  31  3:02  SCV  
  31  3:05  Barracks Tech Lab  
  32  3:12  Factory Tech Lab  
  32  3:14  SCV  
  33  3:23  Refinery  
  33  3:26  SCV  
  34  3:30  Cyclone  
  34  3:34  Barracks Reactor  
  37  3:37  Orbital Command  
  37  3:38  SCV  
  36  3:49  Raven  
  36  3:50  SCV  
  39  4:02  SCV  
  40  4:03  SCV  
  40  4:09  Command Center  
  41  4:11  Siege Tank  
  41  4:14  SCV  
  41  4:15  SCV  
  41  4:16  Marine  
  47  4:18  Marine  
  47  4:23  Supply Depot  
  48  4:26  SCV  
  48  4:27  SCV  
  50  4:32  Raven  
  52  4:38  SCV  
  52  4:39  SCV  
  52  4:44  Marine x2  
  56  4:46  Supply Depot  
  56  4:49  Siege Tank  
  56  4:51  SCV  
  56  4:52  SCV  
  61  5:00  Supply Depot  
  62  5:08  SCV x2  
  62  5:14  Supply Depot  
  63  5:17  Refinery  
  63  5:20  SCV x2  
  63  5:21  Siege Tank  
  68  5:22  Orbital Command  
  68  5:25  Viking  
  68  5:26  Viking  
  72  5:32  SCV x2, Marine  
  75  5:42  Stimpack  
  75  5:44  SCV x2, Barracks  
  75  5:47  Barracks  
  76  5:50  SCV  
  76  5:54  Siege Tank  
  76  5:56  SCV x2  
  82  6:00  Viking  
  82  6:02  SCV  
  82  6:03  Viking  
  87  6:08  SCV x2  
  89  6:12  Engineering Bay  
  89  6:13  Engineering Bay, Marine  
  89  6:14  SCV  
  91  6:20  SCV x2  
  91  6:24  Supply Depot x2  
  93  6:26  SCV  
  93  6:32  Barracks Reactor, SCV x2  
  96  6:34  Barracks Reactor, Barracks, Marine  
  96  6:36  Siege Tank  
  96  6:39  SCV  
  101  6:43  Terran Infantry Armor Level 1  
  101  6:44  Sensor Tower  
  101  6:45  SCV x2  
  103  6:50  Terran Infantry Weapons Level 1  
  103  6:51  SCV  
  103  6:53  Supply Depot  
  103  6:54  Supply Depot  
  102  6:55  Refinery  
  102  6:56  Refinery  
  102  6:57  SCV x2  
  102  6:59  Viking  
  106  7:02  Barracks  
  106  7:03  SCV  
  106  7:04  Viking  
  109  7:10  SCV x2  
  109  7:11  Marine x4  
  109  7:14  Marine  
  117  7:17  Supply Depot  
  117  7:21  Siege Tank  
  122  7:23  Barracks Reactor  
  122  7:29  Marine x4  
  123  7:32  Marine  
  123  7:34  Combat Shield  
  124  7:39  Supply Depot  
  124  7:40  Command Center  
  124  7:41  Medivac, Supply Depot  
  124  7:44  Medivac  
  128  7:46  Marine  
  128  7:47  Marine x3  
  128  7:49  SCV  
  128  7:50  SCV  
  134  7:53  Siege Tank  
  134  7:56  Barracks Reactor, Marine  
  136  8:02  Marine x2  
  136  8:04  Marine x2  
  136  8:05  Marine x2  
  142  8:07  Factory  
  142  8:13  Medivac  
  142  8:14  Marine  
  142  8:17  Medivac  
  142  8:19  Marine  
  147  8:20  Marine  
  147  8:22  Marine x3, Supply Depot  
  147  8:23  SCV, Marine, Missile Turret  
  147  8:24  SCV  
  147  8:26  SCV, Missile Turret  
  156  8:32  Armory, Marine  
  157  8:35  Siege Tank  
  157  8:36  Marine x2  
  157  8:37  Marine x2  
  157  8:40  Marine  
  165  8:44  Marine x3  
  165  8:47  SCV  
  165  8:48  SCV x2  
  171  8:54  Marine x2  
  171  8:55  Marine x2  
  174  8:58  Viking x2  
  179  9:06  Marine x4  
  179  9:07  Siege Tank  
  186  9:10  Barracks Reactor  
  186  9:12  Marine x2  
  186  9:16  Refinery  
  188  9:18  Refinery  
  188  9:26  Planetary Fortress  
  188  9:35  Marine  
  188  9:38  Sensor Tower  
  188  9:41  Terran Infantry Armor Level 2, Terran Infantry Weapons Level 2  
  188  9:43  Marine x6, Viking  
  196  9:47  Viking  
  196  9:57  Terran Vehicle Weapons Level 1  
  196  9:59  Marine  
  196  10:02  Starport  
  196  10:03  Marine  
  196  10:04  Marine  
  196  10:09  Command Center  
  196  10:37  Marine  
  196  10:38  Marine, Siege Tank  
  196  10:39  Siege Tank  
  196  10:40  Marine x2  
  196  10:41  Marine  
  177  10:45  Marine x2  
  177  10:46  Marine x2  
  177  10:47  Marine  
  137  10:51  Medivac  
  137  10:52  Medivac  
  137  10:55  Marine  
  137  10:56  Marine  
  126  10:58  Marine x3  
  126  11:01  Starport  
  126  11:03  Marine x2  
  126  11:04  Marine x3  
  131  11:05  Starport Tech Lab  
  131  11:09  Starport  
  131  11:10  Starport, Siege Tank  
  131  11:11  Siege Tank  
  140  11:13  Marine  
  140  11:14  Marine  
  140  11:16  Marine x3  
  140  11:18  SCV x2  
  147  11:21  Marine x3, Medivac  
  147  11:22  Marine x2, Medivac  
  147  11:23  Raven, Corvid Reactor  
  158  11:31  Marine x2  
  160  11:34  Marine x3  
  160  11:39  Marine x4  
  166  11:40  Starport Tech Lab, Marine  
  166  11:42  Siege Tank  
  166  11:43  Siege Tank  
  166  11:44  Refinery  
  166  11:46  Refinery  
  173  11:48  Marine  
  173  11:49  Marine  
  173  11:51  Starport Tech Lab x2, Viking  
  173  11:52  Marine x3, Viking  
  173  11:53  Planetary Fortress  
  182  11:57  Marine x4  
  182  11:58  Marine  
  182  11:59  Raven  
  189  12:05  Terran Infantry Weapons Level 3  
  189  12:06  Marine  
  189  12:07  Marine  
  191  12:10  Terran Infantry Armor Level 3  
  191  12:14  Siege Tank  
  187  12:17  Terran Vehicle Weapons Level 2  
  187  12:21  Marine, Siege Tank  
  187  12:22  Marine x2  
  196  12:30  Bunker  
  196  12:31  Raven, Missile Turret x2  
  196  12:35  Raven  
  200  12:42  Raven  
  199  12:50  Viking x2  
  200  12:56  Command Center  
  200  12:58  Command Center  
  197  13:06  Orbital Command  
  197  13:09  Marine x2  
  197  13:10  Marine x2  
  192  13:15  Raven x2  
  192  13:16  Marine x2  
  192  13:19  Marine x2  
  182  13:23  Raven  
  182  13:25  Raven, Marine x2, Siege Tank  
  182  13:26  Marine  
  182  13:27  Marine  
  188  13:28  SCV x4  
  188  13:33  Marine  
  195  13:34  Marine x2  
  195  13:38  SCV  
  195  13:39  Marine  
  195  13:40  SCV x3  
  199  13:47  Marine  
  193  13:49  Marine x2  
  193  13:53  Marine x2  
  193  13:54  Marine x2  
  190  13:58  SCV, Raven  
  190  13:59  SCV  
  193  14:08  Siege Tank  
  193  14:09  Sensor Tower  
  196  14:10  Raven x2  
  196  14:11  Raven  
  196  14:16  Orbital Command  
  199  14:20  Orbital Command  
  199  14:23  Marine  
  192  14:39  Marine, Viking x2  
  192  14:40  Raven, Marine  
  195  14:47  Siege Tank  
  195  14:48  Marine x2  
  200  14:56  Terran Vehicle Weapons Level 3  
  200  14:59  Command Center  
  183  15:14  Raven x2, Siege Tank  
  183  15:15  Viking  
  183  15:16  Marine  
  183  15:19  Siege Tank  
  183  15:21  Marine x2  
  188  15:28  Viking  
  188  15:34  Raven x2  
  187  15:45  Viking  
  187  15:48  Siege Tank  
  187  15:49  Marine x2  
  194  15:52  Marine x2  
  194  15:55  Marine x2  
  194  15:56  Marine  
  181  15:57  Viking  
  181  15:59  Viking  
  181  16:02  Marine x2  
  183  16:08  Viking  
  185  16:15  Viking  
  187  16:21  Medivac x2  
  187  16:22  Siege Tank  
  194  16:25  Siege Tank  
  194  16:27  Medivac  
  196  16:33  Neosteel Armor, Hi-Sec Auto Tracking  
  196  16:39  Marine x2  
  183  16:47  Marine x2  
  183  16:48  Marine  
  169  16:54  Siege Tank  
  169  16:57  Raven  
  169  16:58  Siege Tank  
  169  16:59  SCV x2  
  168  17:01  Marine  
  168  17:02  Marine x4  
  168  17:03  Marine x2  
  168  17:05  SCV, Marine  
  176  17:09  Planetary Fortress  
  176  17:12  Raven  
  176  17:14  SCV  
  179  17:17  SCV x2  
  179  17:22  Marine x2  
  177  17:26  Marine x2  
  177  17:27  Marine x2  
  177  17:28  Marine  
  157  17:30  Marine  
  157  17:31  Marine  
  157  17:32  Marine  
  149  17:40  Marine x2  
  149  17:42  Raven  
  149  17:43  Raven, Marine  
  150  17:52  Siege Tank  
  150  17:55  Marine x2  
  150  17:56  Marine  
  150  17:57  SCV  
  150  17:58  SCV  
  158  18:02  Refinery  
  158  18:03  Refinery  
  158  18:06  Marine x2  
  158  18:11  Sensor Tower, Siege Tank  
  163  18:14  Raven  
  163  18:18  Marine  
  163  18:19  Marine  
  167  18:21  Marine x2  
  167  18:22  Marine  
  167  18:23  Marine x2  
  167  18:25  Marine x2  
  174  18:37  Raven x2  
  173  18:42  Raven  
  173  18:45  Marine x9  
  173  18:47  Marine  
  168  19:01  Raven  
  170  19:03  Marine x7  
  170  19:07  Medivac x2  
  170  19:09  Marine  
  181  19:11  Marine  
  181  19:12  Marine  
  184  19:19  Raven  
  184  19:20  Marine  
  184  19:21  Marine x6  
  175  19:26  Siege Tank  
  175  19:27  Marine  
  175  19:29  Marine x2  
  165  19:34  Viking x2  
  165  19:38  Marine x2, Viking  
  169  19:41  Marine x2  
  169  19:44  Marine  
  169  19:45  Marine x2  
  153  19:49  Marine x2  
  144  19:56  Marine x2  
  144  19:57  Orbital Command  
  144  19:59  Orbital Command, Marine, Siege Tank  
  139  20:00  Marine  
  139  20:02  Siege Tank  
  139  20:05  Raven  
  132  20:15  Viking  
  132  20:18  Raven  
  135  20:24  Viking  
  129  20:29  Marine  
  129  20:30  Marine x5  
  130  20:37  SCV x2  
  128  20:47  Marine x2  
  128  20:48  Siege Tank  
  126  20:54  SCV  
  111  20:58  Viking x2  
  116  21:07  Viking  
  99  21:11  Viking  
  99  21:12  Marine x3  
  99  21:14  Marine  
  104  21:30  Marine x3  
  104  21:32  Marine  
Tags
 
Add a new tag
Caveats
  • Supply blocks, unpowered buildings, or Contaminate may cause inaccurate times.
  • Supply counts are checked every 10 seconds.